 Dungeon Crawl Stone Soup version 0.30-a0-629-gd54f4be4f7 (webtiles) character file.

Game seed: 12039272393661593583

44 Zonian the Sneak (level 3, 0/18 HPs)
             Began as a Vine Stalker Brigand on Jan 13, 2023.
             Slain by a rat (2 damage)
             ... on level 2 of the Dungeon.
             The game lasted 00:01:43 (1275 turns).

Zonian the Sneak (Vine Stalker Brigand)             Turns: 1275, Time: 00:01:44

Health: 0/18       AC:  4    Str: 13    XL:     3   Next: 60%
Magic:  0/4        EV: 12    Int: 11    God:
Gold:   106        SH:  0    Dex: 17    Spells: 2/2 levels left

rFire   + . .      SeeInvis .    a - +2 dagger
rCold   + . .      Faith    .    (no shield)
rNeg    . . .      Spirit   +    b - +0 robe
rPois   +          Reflect  .    m - +0 helmet
rElec   +          Harm     .    c - +0 cloak
rCorr   +          Rampage  .    (no gloves)
Will    .....                    (no boots)
Stlth   +++                      (no amulet)
HPRegen 0.23/turn                (no ring)
MPRegen 0.09/turn                (no ring)

@: resistant
A: fangs 2, magic shield, antimagic bite, no potion heal 2, mutation resistance
1
a: no special abilities


You were on level 2 of the Dungeon.
You visited 1 branch of the dungeon, and saw 2 of its levels.

You collected 106 gold pieces.

Inventory:

Hand Weapons
 a - a +2 dagger (weapon)
Missiles
 d - 9 poisoned darts (quivered)
 e - 3 curare-tipped darts
Armour
 b - a +0 robe (worn)
 c - a +0 cloak (worn)
 k - +0 acid dragon scales
 m - a +0 helmet (worn)
Jewellery
 l - a ring of ice
Scrolls
 f - a scroll of amnesia {unknown}
 h - 4 scrolls of identify {unknown}
 j - a scroll of teleportation {unknown}
Potions
 g - a potion of resistance
 i - a potion of cancellation {unknown}
 n - a potion of degeneration {unknown}
 o - a potion of mutation


   Skills:
 + Level 2.2 Fighting
 + Level 2.2 Short Blades
 + Level 2.2 Throwing
 + Level 1.3 Dodging
 + Level 5.2 Stealth


You had 2 spell levels left.
You didn't know any spells.
Your spell library contained the following spells:

 Spells                   Type           Power      Damage    Failure   Level
 Ensorcelled Hibernation  Hex/Ice        0%         N/A       47%         2
 Passwall                 Tmut/Erth      0%         N/A       47%         2
 Swiftness                Air            0%         N/A       71%         3


Dungeon Overview and Level Annotations

Branches:
Dungeon (2/15)

Altars:


Innate Abilities, Weirdness & Mutations

You have extremely sharp teeth.
When hurt, damage is shared between your health and your magic reserves.
Your bite disrupts and absorbs the magic of your enemies.
Potions cannot restore your health.
You are somewhat resistant to further mutation.


Message History

Unknown command.
Found a stone staircase leading down.
Found 2 gold pieces.
A gnoll comes into view. It is wielding a +0 spear.
The helpless adder fails to defend itself.
You impale the adder!!
You kill the adder!
The gnoll shouts!
You hear a shout!
A gnoll comes into view. It is wielding a +0 club.
A gnoll and a rat come into view.
Found a glowing sapphire potion.
The gnoll moves out of view.
The gnoll hits you with a +0 spear.
You barely miss the gnoll. You bite the gnoll, but do no damage.
A gnoll comes into view. It is wielding a +0 whip.
The gnoll shouts!
You hit the gnoll. You bite the gnoll. You drain its power.
You feel invigorated.
The gnoll is moderately wounded.
You hear a shout!
You closely miss the gnoll.
The gnoll is moderately wounded.
It was a potion of resistance.
You feel protected. The gnoll hits you with a +0 club.
The gnoll barely misses you.
It was a potion of mutation.
You feel extremely strange.
You feel genetically stable. The gnoll completely misses you.
The gnoll hits you with a +0 whip. The gnoll misses you.
You closely miss the gnoll. You bite the gnoll. You drain its power.
You feel invigorated.
The gnoll is lightly wounded.
The gnoll barely misses you. The gnoll closely misses you.
The gnoll hits you with a +0 spear. The rat barely misses you.
You hit the gnoll.
The gnoll is moderately wounded.
The gnoll hits you with a +0 club. The gnoll closely misses you.
The gnoll hits you with a +0 spear.
* * * LOW HITPOINT WARNING * * *
The rat bites you.
You die...

######### ##
.......... ...
..$......## !...
....>..ggr#.....
.......@g..#
####.#...##.#
#.....†..##
#.........#
#.........#
#.........## ..
............# ##
.. ...........##
#.. #.
#...........##
#...#.


You could see 3 gnolls and a rat.

Vanquished Creatures
  An adder (D:2)
  2 worms (D:2)
  3 endoplasms (D:2)
  4 goblins
  5 hobgoblins
  3 jackals (D:2)
  A quokka (D:1)
  2 ball pythons
  2 bats (D:1)
  A frilled lizard (D:1)
  2 kobolds (D:1)
26 creatures vanquished.

Notes
Turn   | Place    | Note
-------+----------+-------------------------------------------
     0 | D:1      | Zonian the Vine Stalker Brigand began the quest for the
                  | Orb.
     0 | D:1      | Reached XP level 1. HP: 11/11 MP: 2/2
   305 | D:1      | Reached skill level 1 in Dodging
   305 | D:1      | Reached XP level 2. HP: 13/15 MP: 0/3
   381 | D:1      | Reached skill level 5 in Stealth
   892 | D:2      | Reached XP level 3. HP: 18/18 MP: 4/4
  1273 | D:2      | Gained mutation: You are somewhat resistant to further
                  | mutation. [potion of mutation]
  1275 | D:2      | Slain by a rat

Illustrated notes

Levels and vault maps discovered:
D:1:      lemuel_arrival_funnel, layout_loops_cross
D:2:      layout_basic, wander_ebering_terrifying_dragon_lair

Skill      XL: |  1  2 |
---------------+-------+-----
Dodging        | 1 |  1.3
Short Blades   | 2 |  2.2
Stealth        | 5 |  5.2
Fighting       | 2 |  2.2
Throwing       | 2 |  2.2

Action                   || total
-------------------------++-------
Melee: Dagger            ||    78
       Bite              ||    23
  Use: Potion            ||     2
 Stab: Sleeping          ||     7
Armor: Robe              ||    17
Dodge: Dodged            ||    46

Table legend: (Time is in decaauts)
 A = Elapsed time spent in this place.
 B = Non-inter-level travel time spent in this place.
 C = Inter-level travel time spent in this place.
 D = Time resting spent in this place.
 E = Time spent auto-exploring this place.
 F = Levels seen in this place.
 G = Mean time per level.
                   A        B        C        D        E       F      G
               +--------+--------+--------+--------+--------+-----+--------+
         Total |   1267 |   1225 |     42 |    306 |    689 |   2 |  633.5 |
       Dungeon |   1267 |   1225 |     42 |    306 |    689 |   2 |  633.5 |
               +--------+--------+--------+--------+--------+-----+--------+

Top non-repeatable levels by time:
     D:2: 638 daAuts
     D:1: 628 daAuts
